 Dungeon Crawl Stone Soup version 0.28-a0-1518-gbe868bca14 (webtiles) character file.

Game seed: 11038214990811304497

41 porpoise the Poker (level 3, -1/28 HPs)
             Began as a Demonspawn Gladiator on Jan 17, 2022.
             Succumbed to Terence's poison
             ... on level 2 of the Dungeon.
             The game lasted 00:02:29 (876 turns).

porpoise the Poker (Demonspawn Gladiator)            Turns: 876, Time: 00:02:29

Health: -1/28      AC:  4    Str: 16    XL:     3   Next: 32%
Magic:  3/3        EV: 12    Int:  9    God:
Gold:   29         SH:  0    Dex: 14    Spells: 2/2 levels left

rFire   . . .      SeeInvis .   a - +0 trident
rCold   . . .      Faith    .   (no shield)
rNeg    . . .      Spirit   .   b - +0 leather armour
rPois   .          Reflect  .   c - +0 helmet
rElec   .          Harm     .   (no cloak)
rCorr   .          Rampage  .   (no gloves)
Will    .....                   (no boots)
Stlth   +.........              (no amulet)
HPRegen 0.09/turn               (no ring)
MPRegen 0.08/turn               (no ring)

@: lethally poisoned (-1 -> -36)
A: hooves 1
a: no special abilities


You were on level 2 of the Dungeon.
You visited 1 branch of the dungeon, and saw 2 of its levels.

You collected 29 gold pieces.

Inventory:

Hand Weapons
 a - a +0 trident (weapon)
Missiles
 d - 3 throwing nets (quivered)
 f - 16 arrows
 i - 5 stones
Armour
 b - a +0 leather armour (worn)
 c - a +0 helmet (worn)
Scrolls
 g - 3 scrolls of noise {unknown}
Potions
 e - 2 potions of curing {unknown}
 h - a potion of degeneration {unknown}
 j - a potion of berserk rage {unknown}


   Skills:
 * Level 2.8 Fighting
 * Level 3.2 Polearms
 - Level 1.7 Throwing
 - Level 2.6 Dodging
 + Level 1.1 Stealth


You had 2 spell levels left.
You didn't know any spells.
Your spell library contained the following spells:

 Spells                   Type           Power      Damage    Failure   Level
 Conjure Flame            Conj/Fire      0%         6-21      83%         3
 Ignite Poison            Fire/Tmut/Pois 0%         N/A       83%         3
 Sticky Flame             Conj/Fire      0%         2d3       99%         4


Dungeon Overview and Level Annotations

Branches:
Dungeon (2/15)

Altars:

Shops:
D:1 (

Annotations:
D:2 Terence


Innate Abilities, Weirdness & Mutations

You have large cloven feet.


Message History

The giant cockroach is severely wounded.
The giant cockroach bites you but does no damage.
The giant cockroach closely misses you.
You barely miss the giant cockroach.
You kick the giant cockroach, but do no damage.
The giant cockroach is heavily wounded.
The giant cockroach barely misses you.
You closely miss the giant cockroach. Your kick misses the giant cockroach.
The giant cockroach is heavily wounded.
The giant cockroach closely misses you.
You hit the giant cockroach but do no damage.
You kick the giant cockroach.
You kill the giant cockroach!
No target in view!
Terence the Incautious comes into view.
He is wielding a +3 short sword of venom.
Terence shouts!
You hit Terence.
Terence is lightly wounded.
Terence barely misses you.
You hit Terence.
Terence is moderately wounded.
Terence hits you with a +3 short sword of venom.
You are poisoned.
You hit Terence. Your kick misses Terence.
Terence is heavily wounded.
You feel very sick.
Terence hits you with a +3 short sword of venom.
You are lethally poisoned!
You hit Terence.
Terence is severely wounded.
You feel very sick.
Terence hits you with a +3 short sword of venom!
* * * LOW HITPOINT WARNING * * *
You are more poisoned.
You are too injured to fight recklessly!
You are too injured to fight recklessly!
You are too injured to fight recklessly!
You hit Terence.
Terence is almost dead.
You die...

#########
##.......#
#...####@#
#.#[....@.......
#...####.##.####
#####.## ..# .#
#......# .8# ..
#.###..###P.# ##
###...###.P
#.....# ##.
#.##.## #.


You could see Terence.

Vanquished Creatures
  2 dart slugs (D:1)
  5 bats (D:1)
  4 endoplasms
  4 giant cockroaches
  4 hobgoblins (D:1)
  A quokka (D:1)
  3 ball pythons (D:1)
  4 frilled lizards
  3 goblins (D:1)
  2 kobolds (D:1)
  3 rats (D:1)
35 creatures vanquished.

Notes
Turn   | Place    | Note
-------+----------+-------------------------------------------
     0 | D:1      | porpoise the Demonspawn Gladiator began the quest for the
                  | Orb.
     0 | D:1      | Reached XP level 1. HP: 16/16 MP: 1/1
   255 | D:1      | Discovered your monstrous ancestry.
   255 | D:1      | Gained mutation: You have large cloven feet. [demonic
                  | ancestry]
   255 | D:1      | Reached XP level 2. HP: 21/23 MP: 2/2
   298 | D:1      | Reached skill level 3 in Polearms
   529 | D:1      | Found Qasaclo's Antique Weapon Emporium.
   541 | D:1      | Reached XP level 3. HP: 26/28 MP: 3/3
   542 | D:1      | Reached skill level 1 in Stealth
   870 | D:2      | Noticed Terence
   876 | D:2      | Succumbed to Terence's poison

Illustrated notes

Levels and vault maps discovered:
D:1:      dpeg_arrival_orchard, layout_loops_ring, serial_shops, shop_statue,
          corexii_leaking_fountain, grunt_decor_cap, minmay_pentomino_r4
D:2:      layout_loops_cross, shapermc_ecumenical_altar_petra,
          minmay_misc_feat_iff, grunt_ministairs_2, kennysheep_generic_room_15,
          uniq_robin, uniq_terence, uniq_natasha

Skill      XL: |  1  2  3 |
---------------+----------+-----
Polearms       | 3 |  3.2
Stealth        | 1 |  1.1
Fighting       | |  2.8
Throwing       | |  1.7
Dodging        | |  2.6

Action                   || total
-------------------------++-------
Melee: Trident           ||    93
       Kick              ||    11
       Punch             ||     1
 Stab: Sleeping          ||    10
Armor: Leather armour    ||    13
Dodge: Dodged            ||    43

Table legend: (Time is in decaauts)
 A = Elapsed time spent in this place.
 B = Non-inter-level travel time spent in this place.
 C = Inter-level travel time spent in this place.
 D = Time resting spent in this place.
 E = Time spent auto-exploring this place.
 F = Levels seen in this place.
 G = Mean time per level.
                   A        B        C        D        E       F      G
               +--------+--------+--------+--------+--------+-----+--------+
         Total |    889 |    878 |     11 |      0 |    676 |   2 |  444.5 |
       Dungeon |    889 |    878 |     11 |      0 |    676 |   2 |  444.5 |
               +--------+--------+--------+--------+--------+-----+--------+

Top non-repeatable levels by time:
     D:1: 825 daAuts
     D:2: 63 daAuts
